 Dungeon Crawl Stone Soup version 0.28.0 (webtiles) character file.

Game seed: 5484266951564104933

52 BeingJoeMalik the Poker (level 3, -2/27 HPs)
             Began as a Merfolk Gladiator on Feb 15, 2022.
             Was an Initiate of Gozag.
             Killed from afar by an orc wizard (7 damage)
             ... with a magic dart
             ... on level 3 of the Dungeon.
             The game lasted 00:03:08 (2174 turns).

BeingJoeMalik the Poker (Merfolk Gladiator)         Turns: 2174, Time: 00:03:08

Health: -2/27      AC:  4    Str: 14    XL:     3   Next: 85%
Magic:  3/3        EV: 13    Int:  9    God:    Gozag
Gold:   229        SH:  0    Dex: 15    Spells: 2/2 levels left

rFire   . . .      SeeInvis .   a - +0 trident
rCold   . . .      Faith    .   (no shield)
rNeg    . . .      Spirit   .   b - +0 leather armour
rPois   .          Reflect  .   c - +0 helmet
rElec   .          Harm     .   (no cloak)
rCorr   +          Rampage  .   (no gloves)
Will    .....                   (no boots)
Stlth   +.........              (no amulet)
HPRegen 0.09/turn               j - ring of resist corrosion
MPRegen 0.08/turn               (no ring)

@: flying
A: (nimble swimmer 2), mertail
a: Renounce Religion, Potion Petition, Call Merchant, Bribe Branch


You were on level 3 of the Dungeon.
You worshipped Gozag.
Gozag was aware of your devotion.
You visited 1 branch of the dungeon, and saw 3 of its levels.

You collected 229 gold pieces.

Inventory:

Hand Weapons
 a - a +0 trident (weapon)
Missiles
 d - 3 throwing nets (quivered)
 i - 6 silver boomerangs
Armour
 b - a +0 leather armour (worn)
 c - a +0 helmet (worn)
Jewellery
 j - a ring of resist corrosion (left hand)
Scrolls
 e - a scroll of fog {unknown}
 g - 2 scrolls of vulnerability {unknown}
 m - a scroll of magic mapping {unknown}
 n - a scroll of teleportation {unknown}
 o - a scroll of identify {unknown}
Potions
 f - a potion of mutation {unknown}
 h - a potion of flight
 k - a potion of attraction {unknown}
 l - a potion of curing {unknown}


   Skills:
 - Level 2.1 Fighting
 + Level 5.9 Polearms
 - Level 2.0 Throwing
 + Level 5.0 Dodging


You had 2 spell levels left.
You didn't know any spells.
Your spell library was empty.

Dungeon Overview and Level Annotations

Branches:
Dungeon (3/15)

Altars:
Gozag
Wu Jian


Innate Abilities, Weirdness & Mutations

((You are very nimble when in or above water. (Stealth+, EV+, Speed+++)))
Your lower body shifts to a powerful aquatic tail in water.


Message History

The orc closely misses you.
You hit the orc.
You kill the orc!
Your Dodging skill increases to level 5!
You closely miss the orc. The orc misses you.
You closely miss the orc. The orc misses you.
You closely miss the orc. The orc hits you with a +0 club.
You barely miss the orc. The orc hits you but does no damage.
You closely miss the orc. The orc hits you but does no damage.
You barely miss the orc. The orc hits you with a +0 club.
You hit the orc.
The orc is almost dead.
The orc hits you with a +0 club.
You puncture the orc!
You kill the orc!
You reach to attack!
You closely miss the kobold. Something hits you. Something freezes you.
You reach to attack!
You hit the kobold.
You kill the kobold!
Something hits you. Something freezes you.
You closely miss something.
You hear some strange, mumbled words.
A magic dart appears from out of thin air!
The magic dart hits you.
You hit something. Something hits you. Something freezes you.
* * * LOW HITPOINT WARNING * * *
It was a potion of flight.
You feel very buoyant.
You fly up into the air.
Something hits you.
* * * LOW HITPOINT WARNING * * *
Something freezes you.
* * * LOW HITPOINT WARNING * * *
You barely miss something. Something barely misses you.
You miss something. Something barely misses you.
You closely miss something.
You hear some strange, mumbled words.
A magic dart appears from out of thin air!
The magic dart hits you!
You die...
Your body crumbles into a pile of gold.

##.....###.....#
..##'#...#.....# ##########
..##.#...#.....###........#
..≈#+#.....#........#####.
.≈♣≈P..#......##....#
.≈≈≈..........<#.##.#
.P≈♣.............##.#
...≈..........#####.#
..............${@...#
...####..##....###### ...+
... +..>.#
...####...#....#.#
..........<......#
###....#......#### #
....#....... ##
...#....{### .# .......


There were no monsters in sight!

Vanquished Creatures
  An adder (D:3)
  A worm (D:3)
  2 orcs (D:3)
  4 ball pythons
  4 endoplasms
  A giant cockroach (D:1)
  3 goblins
  4 hobgoblins
  6 kobolds
  3 quokkas
  4 frilled lizards
  2 rats (D:1)
35 creatures vanquished.

Notes
Turn   | Place    | Note
-------+----------+-------------------------------------------
     0 | D:1      | BeingJoeMalik the Merfolk Gladiator began the quest for the
                  | Orb.
     0 | D:1      | Reached XP level 1. HP: 16/16 MP: 1/1
   226 | D:1      | Reached XP level 2. HP: 22/22 MP: 2/2
   524 | D:1      | Reached skill level 5 in Polearms
   938 | D:1      | Found a faded altar of an unknown god.
   941 | D:1      | Prayed at the altar of an unknown god.
   941 | D:1      | Became a worshipper of Gozag Ym Sagoz the Greedy
   991 | D:2      | Found an ornate altar of the Wu Jian Council.
  1118 | D:2      | Reached XP level 3. HP: 20/27 MP: 3/3
  2159 | D:3      | Reached skill level 5 in Dodging
  2174 | D:3      | Killed from afar by an orc wizard

Illustrated notes

Levels and vault maps discovered:
D:1:      wheals_arrival_shading, layout_basic, chequers_ecumenical_altar_grove
D:2:      layout_basic, basic_altar, serial_curves, eino_curves_02,
          eino_curves_01
D:3:      layout_basic, serial_bayou_pond_d, feat_on_display

Skill      XL: |  1  2  3 |
---------------+----------+-----
Polearms       | 5 |  5.9
Dodging        | 5 |  5.0
Fighting       | |  2.1
Throwing       | |  2.0

Action                   || total
-------------------------++-------
Melee: Trident           ||   134
       Punch             ||     2
  Use: Potion            ||     1
 Stab: Sleeping          ||     3
Armor: Leather armour    ||    14
Dodge: Dodged            ||    52
